 Dungeon Sprint DCSS version 0.18-b1-20-g17449fe (webtiles) character file.

2231 LORDOFBUTT the Grappler (level 9, -10/147 HPs)
             Began as a Troll Berserker on May 3, 2016.
             Was a High Priest of Trog.
             Mangled by a seven-headed hydra (13 damage)
             ... in the Dungeon (Sprint IX: "|||||||||||||||||||||||||||||").
             The game lasted 00:02:43 (420 turns).

LORDOFBUTT the Grappler (Troll Berserker)            Turns: 420, Time: 00:02:44

Health: -10/147    AC:  8    Str: 34    XL:     9   Next: 14%
Magic:  8/8        EV: 16    Int:  3    God:    Trog [*****.]
Gold:   0          SH:  0    Dex: 12    Spells: 0 memorised, 8 levels left

rFire  . . .     SeeInvis .       - Unarmed
rCold  . . .     Gourm    +     a - +0 animal skin
rNeg   . . .     Faith    .     (no shield)
rPois  .         Spirit   .     (helmet restricted)
rElec  .         Dismiss  .     n - +0 cloak
rCorr  .         Reflect  .     (gloves unavailable)
SustAt .         Harm     .     (boots unavailable)
MR     .....     NoTele   +     (no amulet)
Stlth  ..........               m - +2 ring of evasion
                                l - +2 ring of protection

@: berserking, very quick, not resistant to hostile enchantments, extremely
unstealthy
A: unfitting armour, claws 3, fast metabolism 3, gourmand, regeneration 2,
shaggy fur 1, strong 1, tough skin 2
a: Berserk, Trog's Hand, Brothers in Arms, Burn Spellbooks, Renounce Religion


You were in the Dungeon.
You worshipped Trog.
Trog was extremely pleased with you.
You were very full.

You visited 1 branch

Inventory:

Hand Weapons
 r - the +7 war axe of Killer Klown's Foe {freeze, rF+ Dex+4 Stlth+}
   (Trog gifted it to you in the Dungeon)

   It has been specially enchanted to freeze those struck by it, causing extra
   injury to most foes and up to half again as much damage against particularly
   susceptible opponents.
   It can also slow down cold-blooded creatures.
   It affects your dexterity (+4).
   It protects you from fire.
   It makes you more stealthy.
Missiles
 o - 5 needles of frenzy
Armour
 a - a +0 animal skin (worn)
 n - a +0 cloak (worn)
Jewellery
 l - a +2 ring of protection (left claw)
 m - a +2 ring of evasion (right claw)
Wands
 k - a wand of iceblast (7/15)
Scrolls
 h - 3 scrolls of blinking
 j - 3 scrolls of remove curse
 s - 2 scrolls of enchant armour
 t - a scroll of recharging
 u - a scroll of identify
 v - a scroll of fear
Potions
 c - 6 potions of curing
 d - 5 potions of heal wounds
 e - a potion of haste
 f - 4 potions of magic
 g - 3 potions of berserk rage
 i - a potion of invisibility
 q - a potion of resistance
Comestibles
 b - 2 bread rations


   Skills:
 + Level 9.0 Fighting
 + Level 9.2 Dodging
 + Level 0.2 Stealth
 - Level 14.6 Unarmed Combat


You had 8 spell levels left.
You didn't know any spells.

Dungeon Overview and Level Annotations

Branches:
Dungeon (1/1)

Altars:
Cheibriados
Dithmenos
Elyvilon
Fedhas
Gozag
Kikubaaqudgha
Makhleb
Nemelex Xobeh
Okawaru
Pakellas
Qazlal
Ru
Sif Muna
Trog
Vehumet
Xom
Yredelemnul
Zin
The Shining One
Beogh
Jiyva
Lugonu


Innate Abilities, Weirdness & Mutations

You are too large for most types of armour.
You have claws for hands.
Your metabolism is lightning-fast.
You like to eat raw meat.
You heal very quickly.
You are covered in fur (AC +1).
You have very tough skin (AC +2).
Your muscles are strong. (Str +2)


Message History

You feel yourself moving faster!
You feel mighty!
The seven-headed hydra completely misses you.
The seven-headed hydra barely misses you.
The seven-headed hydra completely misses you.
The seven-headed hydra misses you. The seven-headed hydra bites you.
* * * LOW HITPOINT WARNING * * *
The seven-headed hydra bites you!
* * * LOW HITPOINT WARNING * * *
The seven-headed hydra completely misses you.
You are too injured to fight recklessly!
You are too injured to fight recklessly!
You are too injured to fight recklessly!
You are too injured to fight recklessly!
You are too injured to fight recklessly!
You barely miss the seven-headed hydra. The seven-headed hydra bites you!
* * * LOW HITPOINT WARNING * * *
The seven-headed hydra misses you. The seven-headed hydra bites you!
* * * LOW HITPOINT WARNING * * *
The seven-headed hydra bites you!
You die...

▓▓▓▓▓▓▓▓▓▓▓▓▓▓▓▓▓▓▓▓▓▓▓▓▓▓▓▓▓▓▓▓▓
.'______________________'.?|)[.[.
▓▓▓▓▓▓▓▓▓▓▓▓▓▓▓▓▓▓▓▓▓▓▓▓▓▓▓▓▓▓▓▓▓
.................................
▓▓▓▓▓▓▓▓▓▓▓▓▓▓▓▓▓▓▓▓▓▓▓▓▓▓▓▓▓▓▓▓▓
[.....'.††......@DttFlHY
▓▓▓▓▓▓▓▓▓▓▓▓▓▓▓▓▓▓▓▓▓▓▓▓


You could see a seven-headed hydra, a komodo dragon, a yak, a hippogriff, 2
crocodiles and a giant frog.

Vanquished Creatures
  A hill giant (D)
  A komodo dragon (D)
  A wyvern (D)
  2 yaks (D)
  2 hippogriffs (D)
  A soldier ant (D)
  A black bear (D)
  A phantom (D)
  An ogre (D)
  2 crocodiles (D)
  3 giant frogs (D)
  A crimson imp (D)
  2 iguanas (D)
  A worker ant (D)
  An adder skeleton (D)
  2 orcs (D)
  2 giant cockroaches (D)
  2 hobgoblins (D)
  A giant cockroach zombie (D)
  A giant gecko skeleton (D)
  A jackal zombie (D)
  A rat (D)
31 creatures vanquished.

Notes
Turn   | Place    | Note
--------------------------------------------------------------
     0 | D        | LORDOFBUTT the Troll Berserker began the quest for the Orb.
     0 | D        | Reached XP level 1. HP: 22/22 MP: 0/0
    10 | D        | Reached ** piety under Trog
    12 | D        | Reached skill level 4 in Unarmed Combat
    18 | D        | Noticed a crimson imp
    18 | D        | Noticed a phantom
    20 | D        | Reached *** piety under Trog
    20 | D        | Reached XP level 2. HP: 29/29 MP: 1/1
    28 | D        | Killed a crimson imp
    28 | D        | Reached skill level 5 in Unarmed Combat
    28 | D        | Reached XP level 3. HP: 35/37 MP: 2/2
    38 | D        | Killed a phantom
    38 | D        | Reached skill level 7 in Unarmed Combat
    38 | D        | Reached XP level 4. HP: 42/49 MP: 3/3
    60 | D        | Found a glowing silver altar of Zin.
    60 | D        | Found a glowing golden altar of the Shining One.
    60 | D        | Found an ancient bone altar of Kikubaaqudgha.
    60 | D        | Found a basalt altar of Yredelemnul.
    60 | D        | Found a shimmering altar of Xom.
    60 | D        | Found a radiant altar of Vehumet.
    61 | D        | Found an iron altar of Okawaru.
    62 | D        | Found a burning altar of Makhleb.
    63 | D        | Found a deep blue altar of Sif Muna.
    64 | D        | Found a bloodstained altar of Trog.
    65 | D        | Found a sparkling altar of Nemelex Xobeh.
    66 | D        | Found a white marble altar of Elyvilon.
    67 | D        | Found a roughly hewn altar of Beogh.
    68 | D        | Found a viscous altar of Jiyva.
    69 | D        | Found a corrupted altar of Lugonu.
    70 | D        | Found a blossoming altar of Fedhas.
    71 | D        | Found a snail-covered altar of Cheibriados.
    72 | D        | Found a shadowy altar of Dithmenos.
    73 | D        | Found a stormy altar of Qazlal.
    74 | D        | Found an opulent altar of Gozag.
    75 | D        | Found a sacrificial altar of Ru.
    76 | D        | Found an oddly glowing altar of Pakellas.
   142 | D        | Noticed a komodo dragon
   142 | D        | Noticed a hill giant
   148 | D        | Killed a komodo dragon
   148 | D        | Received a gift from Trog
   148 | D        | Reached skill level 10 in Unarmed Combat
   148 | D        | Reached XP level 5. HP: 59/59 MP: 4/4
   148 | D        | Reached XP level 6. HP: 67/67 MP: 5/5
   153 | D        | Killed a hill giant
   153 | D        | Reached skill level 12 in Unarmed Combat
   153 | D        | Reached XP level 7. HP: 78/78 MP: 6/6
   154 | D        | Reached **** piety under Trog
   189 | D        | Noticed a wyvern
   194 | D        | Killed a wyvern
   194 | D        | Reached XP level 8. HP: 88/88 MP: 7/7
   196 | D        | Reached ***** piety under Trog
   196 | D        | Reached skill level 13 in Unarmed Combat
   357 | D        | Gained mutation: Your muscles are strong. (Str +2) [potion of beneficial mutation]
   370 | D        | Received a gift from Trog
   375 | D        | Reached skill level 14 in Unarmed Combat
   387 | D        | Reached XP level 9. HP: 37/97 MP: 8/8
   401 | D        | Got a fine war axe {god gift}
   402 | D        | Identified the +7 war axe of Killer Klown's Foe {freeze, rF+ Dex+4 Stlth+} (Trog gifted it to you in the Dungeon)
   414 | D        | Noticed a seven-headed hydra
   414 | D        | Noticed a komodo dragon
   420 | D        | HP: 3/147 [seven-headed hydra (14)]
   420 | D        | Mangled by a seven-headed hydra

Skill      XL: |  1  2  3  4  5  6  7  8  9 |
---------------+----------------------------+-----
Unarmed Combat | 4 5 7 10 12 14 | 14.6
Fighting       | 3 4 6 7 8 9 |  9.0
Dodging        | 3 4 6 7 9 |  9.2
Stealth        | |  0.2

Action                   |  1- 3 |  4- 6 |  7- 9 || total
-------------------------+-------+-------+-------++-------
Melee: Unarmed           |    24 |     9 |    47 ||    80
       Punch             |       |       |     2 ||     2
       War axe           |       |       |     2 ||     2
Invok: Berserk           |       |     1 |     2 ||     3
  Use: Potion            |       |       |     1 ||     1
  Eat: Chunk             |       |       |    11 ||    11
Armor: Animal skin       |     6 |       |    13 ||    19
Dodge: Dodged            |     7 |     4 |    33 ||    44
